 Dungeon Crawl Stone Soup version 0.23.2 (webtiles) character file.

Game seed: 12649633990625989589

172541 Kairos the Severer (level 17, -13/159 HPs)
             Began as a Minotaur Monk on Apr 2, 2019.
             Was a High Priest of Okawaru.
             Killed from afar by a merfolk aquamancer (28 damage)
             ... with a torrent of water
             ... on level 3 of the Shoals.
             The game lasted 01:13:49 (36899 turns).

Kairos the Severer (Minotaur Monk)                 Turns: 36899, Time: 01:13:50

Health: -13/159    AC: 31    Str: 22    XL:     17   Next: 16%
Magic:  26/29      EV: 16    Int: 10    God:    Okawaru [*****.]
Gold:   1229       SH: 20    Dex: 14    Spells: 16/16 levels left

rFire    + + +     SeeInvis +   r - +2 demon trident (freeze)
rCold    x . .     Gourm    .   H - +4 shield {AC+3}
rNeg     . . .     Faith    +   a - +1 fire dragon scales
rPois    +         Spirit   .   A - +2 hat of Depression {*Drain rPois MP+9 Int+3}
rElec    +         Reflect  .   X - +2 cloak "Zaenul" {rElec SInv}
rCorr    .         Harm     .   (no gloves)
MR       +....                  Z - +2 pair of boots {Stlth+}
Stlth    +++.......             C - amulet of faith
HPRegen  0.36/turn              P - +2 ring of protection
MPRegen  0.21/turn              O - ring of protection from fire

@: about to teleport, heroism, very slightly contaminated, heavily drained
A: retaliatory headbutt, beak, horns 2, icy blue scales 1, sense surroundings 1
}: 1/15 runes: serpentine
a: Heroism, Finesse, Renounce Religion


You were on level 3 of the Shoals.
You worshipped Okawaru.
Okawaru was extremely pleased with you.
You were very full.

You visited 5 branches of the dungeon, and saw 26 of its levels.
You also visited: Ossuary, Bailey, Gauntlet and Ice Cave.

You collected 1466 gold pieces.
You spent 237 gold pieces at shops.

Inventory:

Hand Weapons
 r - a +2 demon trident of freezing (weapon)
 Q - a +5 demon whip of flaming
 U - a +1 broad axe of flaming
Missiles
 l - 6 javelins of returning (quivered)
Armour
 a - +1 fire dragon scales (worn)
 b - a +1 shield of reflection
 q - the +3 buckler "Oseergh" {rC+++ MR- Int+9 Dex-3}
   (You found it on level 2 of the Lair of Beasts)

   It affects your intelligence (+9).
   It affects your dexterity (-3).
   It renders you almost immune to cold.
   It affects your resistance to hostile enchantments.
 A - the +2 hat of Depression (worn) {*Drain rPois MP+9 Int+3}
   (You found it in a Gauntlet)

   It affects your intelligence (+3).
   It protects you from poison.
   It affects your magic capacity (+9).
   It causes draining when unequipped.
 B - the +6 ring mail of Proximity {rC+ Str+3}
   (Okawaru gifted it to you on level 4 of the Snake Pit)

   It affects your strength (+3).
   It protects you from cold.
 H - a +4 shield of protection (worn)
 K - the +2 ratskin cloak {+Rats rPois rN+ Str-1 Int-1 Dex+1}
   (You found it in a Gauntlet)

   It affects your strength (-1).
   It affects your intelligence (-1).
   It affects your dexterity (+1).
   It protects you from poison.
   It protects you from negative energy.
 X - the +2 cloak "Zaenul" (worn) {rElec SInv}
   (You bought it in a shop on level 12 of the Dungeon)

   It insulates you from electricity.
   It lets you see invisible.
 Z - a +2 pair of boots of stealth (worn)
Jewellery
 C - an amulet of faith (around neck)
 F - an uncursed ring of wizardry
 G - an uncursed amulet of harm {unknown}
 O - a ring of protection from fire (right hand)
 P - a +2 ring of protection (left hand)
 W - an uncursed ring of resist corrosion
Wands
 i - a wand of polymorph (11)
 k - a wand of acid (21)
 u - a wand of paralysis (4)
 v - a wand of flame (53)
 E - a wand of enslavement (23)
 R - a wand of random effects (35)
 V - a wand of clouds (1)
 Y - a wand of digging (6)
Scrolls
 d - 3 scrolls of blinking
 m - 12 scrolls of identify
 n - 4 scrolls of fear
 o - 4 scrolls of immolation
 t - 3 scrolls of remove curse
 x - a scroll of magic mapping
 z - a scroll of brand weapon
 D - a scroll of holy word
 J - 5 scrolls of silence
 T - 6 scrolls of teleportation
Potions
 f - a potion of cancellation {unknown}
 g - 10 potions of heal wounds
 h - 2 potions of berserk rage
 j - 4 potions of magic
 p - 14 potions of curing
 s - 3 potions of might
 w - 4 potions of lignification
 I - 2 potions of haste {unknown}
 L - 3 potions of ambrosia
 M - 2 potions of agility
 N - 9 potions of brilliance
 S - a potion of invisibility
Miscellaneous
 e - a lightning rod (4/4)
 y - a phantom mirror
Comestibles
 c - 36 rations


   Skills:
 + Level 16.4(17.4) Fighting
 - Level 19.5(20.4) Axes
 - Level 1.7(14.5) Maces & Flails
 - Level 5.1(15.1) Polearms
 + Level 14.3(15.4) Armour
 + Level 9.5(11.0) Dodging
 + Level 4.3(6.2) Stealth
 + Level 19.2(19.9) Shields
 * Level 6.3(3.4) Invocations
 + Level 1.6(0.0) Evocations


You had 16 spell levels left.
You didn't know any spells.
Your spell library contained the following spells:

 Spells                   Type           Power        Failure   Level  Hunger
 Apportation              Tloc           #.....       65%         1    ##.....
 Confusing Touch          Hex            #.....       65%         1    ##.....
 Sting                    Conj/Pois      #...         65%         1    ##.....
 Summon Butterflies       Summ           #.......     65%         1    ##.....
 Blink                    Tloc           N/A          78%         2    ###....
 Ensorcelled Hibernation  Hex/Ice        #.....       78%         2    ###....
 Passwall                 Tmut/Erth      #.......     78%         2    ###....
 Poisonous Vapours        Pois/Air       #.....       78%         2    ###....
 Shroud of Golubria       Chrm/Tloc      #.........   78%         2    ###....
 Sublimation of Blood     Necr           #.........   78%         2    ###....
 Swiftness                Chrm/Air       #.......     78%         2    ###....
 Confuse                  Hex            #.......     95%         3    ####...
 Gell's Gravitas          Tloc           #.........   95%         3    ####...
 Ignite Poison            Fire/Tmut/Pois #.......     95%         3    ####...
 Lesser Beckoning         Tloc           #.........   95%         3    ####...
 Mephitic Cloud           Conj/Pois/Air  #.......     95%         3    ####...
 Portal Projectile        Hex/Tloc       #.....       95%         3    ####...
 Teleport Other           Tloc           #.......     95%         3    ####...
 Tukima's Dance           Hex            #.......     95%         3    ####...
 Force Lance              Conj/Tloc      #.......     100%        4    #####..
 Leda's Liquefaction      Hex/Erth       #.........   100%        4    #####..
 Olgreb's Toxic Radiance  Pois           #.......     100%        4    #####..
 Passage of Golubria      Tloc           N/A          100%        4    #####..
 Petrify                  Tmut/Erth      #.......     100%        4    #####..
 Alistair's Intoxication  Tmut/Pois      #.......     100%        5    ######.
 Bolt of Magma            Conj/Fire/Erth #.........   100%        5    ######.
 Borgnjor's Vile Clutch   Necr/Erth      #.........   100%        5    ######.
 Irradiate                Conj/Tmut      #.........   100%        5    ######.
 Lee's Rapid Deconstruct  Erth           #.........   100%        5    ######.
 Metabolic Englaciation   Hex/Ice        #.........   100%        5    ######.
 Silence                  Hex/Air        #.........   100%        5    ######.
 Venom Bolt               Conj/Pois      #.........   100%        5    ######.
 Yara's Violent Unravell  Hex/Tmut       #.........   100%        5    ######.
 Darkness                 Hex            #.........   100%        6    #######
 Dispersal                Tloc           #.........   100%        6    #######
 Invisibility             Hex            #.......     100%        6    #######
 Iron Shot                Conj/Erth      #.........   100%        6    #######
 Shadow Creatures         Summ           N/A          100%        6    #######
 Statue Form              Tmut/Erth      #........    100%        6    #######
 Controlled Blink         Tloc           N/A          100%        8    #######
 Disjunction              Tloc           #.........   100%        8    #######
 Shatter                  Erth           #.........   100%        9    #######


Dungeon Overview and Level Annotations

Branches:
Dungeon (12/15)            Temple (1/1) D:4            Lair (6/6) D:11
 Shoals (3/4) Lair:3        Snake (4/4) Lair:3        Slime (0/5) Lair:5
    Orc (0/2) D:9

Altars:
Ashenzari
Dithmenos
Elyvilon
Gozag
Hepliaklqana
Kikubaaqudgha
Makhleb
Okawaru
Ru
Trog
Uskayaw
Vehumet
Wu Jian
The Shining One
Jiyva

Shops:
D:7 :   D:10 ::   D:12 [   Shoals:1 *   Snake:2 %[}:


Innate Abilities, Weirdness & Mutations

You reflexively headbutt those who attack you in melee.
You have a pair of horns on your head.
You have a beak for a mouth.
You are partially covered in icy blue scales. (AC +2)
You passively map a small area around you.


Message History

The merfolk aquamancer gestures at you while chanting.
The shard of ice misses you.
The shard of ice hits the water nymph!!
The water nymph dies!
The water elemental barely misses you. You furiously retaliate!
You headbutt the water elemental.
Blink to where?
Press: ? - help, Dir - move target cursor Splash!
You fall into the shallow water.
Moving in this stuff is going to be slow.
You are very lightly contaminated with residual magic.
As you read the scroll of blinking, it crumbles to dust.
Your hands slow down.
As you read the scroll of teleportation, it crumbles to dust.
You feel strangely unstable. You block the water elemental's attack.
A merfolk javelineer comes into view. It is wielding a +5 spear of venom.
The merfolk aquamancer gestures at you while chanting.
The torrent of water passes through the water elemental.
The torrent of water hits you!!
You die...

≈≈≈≈≈≈≈≈≈≈≈≈≈≈≈≈≈≈ ≈
≈≈≈≈≈≈≈≈≈≈≈≈≈≈≈≈≈≈≈≈≈ ≈
≈ ≈≈≈≈≈≈≈≈≈≈≈≈≈≈≈≈≈≈≈≈
≈≈ ≈≈≈≈≈≈≈≈≈≈≈≈≈≈≈≈≈≈≈≈
≈ ≈≈≈≈≈≈≈≈≈≈≈≈≈≈≈≈≈≈≈≈
≈ ≈≈≈≈≈≈≈≈≈≈≈≈≈≈≈≈≈≈≈≈
≈ ≈≈≈≈P≈≈....≈≈≈≈≈≈≈≈≈≈
≈≈P≈≈......≈≈≈≈≈≈≈≈≈≈≈
≈
≈PPP...@.Pm....≈≈≈≈≈≈≈
PPP#.#.PPE.....≈≈≈≈≈≈≈
≈ ≈ ≈
≈≈P..#PP.mE..≈≈.≈≈≈≈
≈≈P≈........#..≈≈≈..≈≈
≈
≈≈≈≈≈≈...#..##.≈≈.....
≈≈≈≈≈≈≈......#........
P≈≈≈≈≈≈≈..#..≈<..(...≈≈
≈
.≈≈≈≈≈≈≈≈....)m......≈
≈m≈≈≈≈.#.....≈≈....


You could see a merfolk javelineer, 2 merfolk aquamancers and 2 water
elementals.

Vanquished Creatures
  The ghost of crawlian the Blocker, an adept FoFi of Okawaru (Shoals:2)
  11 nagarajas
  A reaper (IceCv)
  A minotaur (Gauntlet)
  Snorg (Lair:3)
  Fannar (Lair:2)
  Harold (D:11)
  16 naga warriors
  The ghost of Paps the Unseen, a journeyman OpFi of Hepliaklqana (Lair:2)
  4 hydras
  8 anacondas
  2 merfolk aquamancers
  A centaur warrior (D:10)
  2 two-headed ogres
  A merfolk avatar (Shoals:2)
  A catoblepas (Lair:6)
  2 satyrs (Shoals:2)
  A deep troll shaman (Lair:6)
  7 naga sharpshooters
  6 shock serpents
  3 death yaks (Lair:6)
  Sonja (Lair:2)
  Nergalle (Lair:4)
  3 salamander mystics (Snake:4)
  A glowing orange brain (Gauntlet)
  13 naga ritualists
  2 unseen horrors (D:10)
  10 sea snakes
  An orc knight (Bailey)
  5 fauns
  3 harpies
  16 mana vipers
  2 oklob plants
  2 ugly things
  4 salamanders
  7 elephants (Lair:6)
  9 manticores
  2 cyclopes
  42 black mambas
  7 guardian serpents
  3 merfolk sirens
  11 naga magi
  2 ice statues (IceCv)
  3 water nymphs (Shoals:2)
  12 spiny frogs
  A rime drake (Lair:5)
  5 komodo dragons
  7 ice devils (IceCv)
  3 trolls
  5 merfolk
  5 polar bears (Lair:6)
  A wind drake (Shoals:2)
  A raiju (Gauntlet)
  11 dream sheep
  4 blink frogs (Lair:2)
  10 hippogriffs
  5 slime creatures
  10 snapping turtles
  4 water elementals
  2 wyverns
  Eustachio (D:4)
  51 yaks
  3 hogs (D:7)
  2 steam dragons
  A human (D:7)
  2 hungry ghosts (D:10)
  56 nagas
  An acid dragon (Gauntlet)
  16 water moccasins
  8 porcupines
  A hornet zombie (D:6)
  15 orc warriors
  2 ice beasts
  4 sky beasts
  2 black bears
  An eye of draining (D:9)
  A necrophage (D:6)
  4 phantoms
  14 centaurs
  4 ogres
  13 wolves
  14 crocodiles
  An elf zombie (Ossuary)
  2 big kobolds (D:11)
  13 bullfrogs
  3 scorpions
  10 killer bees
  2 howler monkeys
  An electric eel (Lair:6)
  2 crimson imps
  5 centaur zombies
  A human zombie (Ossuary)
  4 bullfrog zombies
  8 orc priests
  8 hounds
  A jelly (D:11)
  A centaur skeleton (D:9)
  A gnoll shaman (D:6)
  3 bullfrog skeletons (D:7)
  8 orc wizards
  3 iguanas
  12 worker ants
  A big kobold zombie (Ossuary)
  A hound zombie (D:11)
  2 mummies (Ossuary)
  2 worker ant zombies
  A howler monkey zombie (D:5)
  6 gnolls
  22 adders
  3 shadow imps
  9 white imps (IceCv)
  7 ufetubi (IceCv)
  2 oozes
  4 worms
  3 dart slugs (D:1)
  7 leopard geckos
  52 orcs
  3 giant cockroaches
  15 goblins
  8 hobgoblins
  7 jackals
  8 quokkas
  12 bats
  2 frilled lizards (D:2)
  A goblin zombie (Ossuary)
  9 hobgoblin zombies (Ossuary)
  A jackal zombie (Ossuary)
  12 kobolds
  10 kobold zombies (Ossuary)
  A leopard gecko skeleton (D:4)
  7 orc zombies (Ossuary)
  9 rats
  4 rat zombies (Ossuary)
  4 fungi
  6 plants
854 creatures vanquished.

Vanquished Creatures (others)
  A death yak (Lair:6)
  A naga sharpshooter (Snake:4)
  A naga ritualist (Snake:4)
  2 fauns (Shoals:1)
  A water nymph (Shoals:3)
  A water elemental (Shoals:2)
  A white imp (IceCv)
  5 ufetubi (IceCv)
  4 fungi (Lair:2)
  2 plants
19 creatures vanquished.

Grand Total: 873 creatures vanquished

Notes
Turn   | Place    | Note
-------+----------+-------------------------------------------
     0 | D:1      | Kairos the Minotaur Monk began the quest for the Orb.
     0 | D:1      | Reached XP level 1. HP: 19/19 MP: 0/0
    35 | D:1      | Reached XP level 2. HP: 11/27 MP: 1/1
   537 | D:1      | Reached XP level 3. HP: 34/34 MP: 2/2
   863 | D:2      | Reached XP level 4. HP: 20/41 MP: 3/3
  1287 | D:2      | Reached skill level 5 in Axes
  1954 | D:3      | Reached XP level 5. HP: 47/47 MP: 4/4
  1970 | D:3      | Reached skill level 1 in Armour
  2242 | D:3      | Reached skill level 5 in Fighting
  2242 | D:3      | Reached skill level 1 in Shields
  2895 | D:4      | Reached XP level 6. HP: 47/56 MP: 5/5
  2947 | D:4      | Found a sand-covered staircase.
  3017 | Ossuary  | Entered an ossuary
  3216 | Ossuary  | Reached XP level 7. HP: 46/61 MP: 6/6
  3340 | D:4      | Found a staircase to the Ecumenical Temple.
  3359 | D:4      | Noticed Eustachio
  3387 | D:4      | Paralysed by an orc for 4 turns
  3423 | D:4      | Killed Eustachio
  3628 | D:4      | Reached XP level 8. HP: 52/71 MP: 7/7
  4202 | D:5      | Entered Level 5 of the Dungeon
  4721 | D:6      | Found a shattered altar of Ashenzari.
  5048 | D:6      | Reached skill level 5 in Armour
  5284 | D:6      | Reached skill level 10 in Axes
  5284 | D:6      | Reached XP level 9. HP: 72/79 MP: 8/8
  5769 | D:7      | Reached skill level 5 in Shields
  6725 | D:7      | Reached XP level 10. HP: 54/88 MP: 9/9
  6808 | D:7      | Found Liunt's Book Shoppe.
  8618 | D:9      | Found a white marble altar of Elyvilon.
  8693 | D:9      | Found an opulent altar of Gozag.
  8850 | D:9      | Found a staircase to the Orcish Mines.
  8984 | D:9      | Found a glowing golden altar of the Shining One.
  9196 | Temple   | Entered the Ecumenical Temple
  9231 | Temple   | Became a worshipper of Warmaster Okawaru
  9231 | Temple   | Reached * piety under Okawaru
  9231 | Temple   | Reached ** piety under Okawaru
  9442 | D:9      | Found an ornate altar of the Wu Jian Council.
  9573 | D:10     | Entered Level 10 of the Dungeon
  9657 | D:10     | Killed an unseen horror
  9657 | D:10     | Reached *** piety under Okawaru
  9657 | D:10     | Reached XP level 11. HP: 81/95 MP: 10/10
 10058 | D:10     | Noticed a centaur warrior
 10075 | D:10     | Killed a centaur warrior
 10092 | D:10     | Reached **** piety under Okawaru
 10282 | D:10     | Noticed a two-headed ogre
 10291 | D:10     | Killed a two-headed ogre
 10293 | D:10     | Found Ahybb's Book Shoppe.
 10383 | D:10     | Found Mill's Book Shoppe.
 10679 | D:10     | Killed an unseen horror
 10679 | D:10     | Reached ***** piety under Okawaru
 10770 | D:11     | Found a flagged portal.
 10860 | Bailey   | Entered a bailey
 11660 | Bailey   | Noticed an orc knight
 11672 | Bailey   | Killed an orc knight
 11690 | Bailey   | Got an ebony executioner's axe
 11696 | Bailey   | Identified the +4 executioner's axe "Omonerr" {drain, rC+
                  | Int+2 Dex+3} (You found it in a bailey)
 14087 | D:11     | Found a staircase to the Lair.
 14095 | D:11     | Noticed an oklob plant
 14522 | D:11     | Noticed Harold
 14533 | D:11     | Killed Harold
 14533 | D:11     | Reached skill level 15 in Axes
 14533 | D:11     | Reached skill level 10 in Armour
 14979 | D:12     | Noticed a five-headed hydra
 14999 | D:11     | Killed a five-headed hydra
 15540 | D:12     | Received a gift from Okawaru
 15543 | D:12     | Reached skill level 10 in Fighting
 15544 | D:12     | Reached XP level 12. HP: 79/106 MP: 11/11
 15550 | D:12     | Reached skill level 1 in Maces & Flails
 15554 | D:12     | Got a distressingly furry scale mail {god gift}
 15565 | D:12     | Identified the +0 scale mail of Tender Moments {Str+9
                  | Int-3} (Okawaru gifted it to you on level 12 of the
                  | Dungeon)
 15878 | D:12     | Noticed a two-headed ogre
 15883 | D:12     | Killed a two-headed ogre
 16212 | D:12     | Reached skill level 5 in Dodging
 16480 | D:12     | Found Hecyn's Antique Armour Boutique.
 16496 | D:12     | Bought a jewelled cloak for 237 gold pieces
 16501 | D:12     | Identified the +2 cloak "Zaenul" {rElec SInv} (You bought
                  | it in a shop on level 12 of the Dungeon)
 16577 | D:12     | Received a gift from Okawaru
 16580 | D:12     | Got an ancient ring mail {god gift}
 16942 | D:12     | Identified the +1 ring mail of Lucidity {rElec rC- rCorr
                  | Stlth-} (Okawaru gifted it to you on level 12 of the
                  | Dungeon)
 17442 | Lair:1   | Entered Level 1 of the Lair of Beasts
 17692 | Lair:1   | Noticed a seven-headed hydra
 17701 | Lair:1   | Killed a four-headed hydra
 18233 | Lair:2   | Noticed Fannar
 18243 | Lair:2   | Killed Fannar
 18441 | Lair:2   | Reached ****** piety under Okawaru
 18471 | Lair:2   | Noticed Sonja
 18501 | Lair:2   | Killed Sonja
 18501 | Lair:2   | Reached XP level 13. HP: 77/115 MP: 12/12
 18627 | Lair:2   | Got a crude buckler
 18638 | Lair:2   | Identified the +3 buckler "Oseergh" {rC+++ MR- Int+9 Dex-3}
                  | (You found it on level 2 of the Lair of Beasts)
 18722 | Lair:2   | Received a gift from Okawaru
 18789 | Lair:2   | Reached skill level 1 in Evocations
 18913 | Lair:2   | Found a runed translucent door.
 18913 | Lair:2   | Noticed Paps's ghost (journeyman OpFi)
 19133 | Lair:2   | Killed Paps's ghost
 19236 | Lair:3   | Found a staircase to the Shoals.
 19254 | Lair:3   | Noticed Snorg
 19272 | Lair:3   | Killed Snorg
 19272 | Lair:3   | Reached skill level 10 in Shields
 19366 | Lair:3   | You fall through a shaft for 3 floors!
 19366 | Lair:6   | Entered Level 6 of the Lair of Beasts
 19369 | Lair:6   | Identified a scroll of acquirement
 19403 | Lair:6   | Got a faintly glowing battleaxe
 19414 | Lair:6   | Identified the +7 battleaxe of Defiance {drain, +Blink
                  | rElec} (You acquired it on level 6 of the Lair of Beasts)
 19428 | Lair:6   | Found a frozen archway.
 19444 | IceCv    | Entered an ice cave
 20068 | IceCv    | Received a gift from Okawaru
 20215 | IceCv    | Noticed a reaper
 20257 | IceCv    | Killed a reaper
 20283 | IceCv    | Identified the cursed +3 quarterstaff of Hogiyrae
                  | {antimagic, rF+} (You found it in an ice cave)
 20583 | Lair:6   | Reached skill level 1 in Invocations
 20602 | Lair:6   | Received a gift from Okawaru
 21240 | Lair:6   | Gained mutation: You passively map a small area around you.
                  | [potion of mutation]
 21240 | Lair:6   | Gained mutation: You are covered in fur. (AC +1) [potion of
                  | mutation]
 21240 | Lair:6   | Gained mutation: You have a beak for a mouth. [potion of
                  | mutation]
 21241 | Lair:6   | Lost mutation: You passively map a small area around you.
                  | [potion of mutation]
 21241 | Lair:6   | Lost mutation: You are covered in fur. (AC +1) [potion of
                  | mutation]
 21241 | Lair:6   | Gained mutation: You are partially covered in icy blue
                  | scales. (AC +2) [potion of mutation]
 21241 | Lair:6   | Gained mutation: You passively map a small area around you.
                  | [potion of mutation]
 21505 | Lair:6   | Received a gift from Okawaru
 21509 | Lair:6   | Reached XP level 14. HP: 120/127 MP: 14/14
 21928 | Lair:5   | Found a viscous altar of Jiyva.
 21928 | Lair:5   | Found a staircase to the Slime Pits.
 22220 | Lair:5   | Found a gate leading to a gauntlet.
 22238 | Gauntlet | Entered a Gauntlet
 22238 | Gauntlet | Found a transporter.
 22238 | Gauntlet | Found a runed translucent gate.
 22238 | Gauntlet | Found a transporter.
 22250 | Gauntlet | Found a transporter.
 22251 | Gauntlet | Found a transporter.
 22259 | Gauntlet | Found a transporter.
 22263 | Gauntlet | Found a transporter.
 22271 | Gauntlet | Found a transporter.
 22287 | Gauntlet | Found a transporter.
 22301 | Gauntlet | Found a transporter.
 22305 | Gauntlet | Found a transporter.
 22309 | Gauntlet | Found a runed translucent door.
 22309 | Gauntlet | Found a runed translucent door.
 22313 | Gauntlet | Found a transporter.
 22317 | Gauntlet | Found a transporter.
 22319 | Gauntlet | Found a runed translucent gate.
 22319 | Gauntlet | Found a runed translucent gate.
 22379 | Gauntlet | Got a brightly glowing hat
 22385 | Gauntlet | Identified the +2 hat of Depression {*Drain rPois MP+9
                  | Int+3} (You found it in a Gauntlet)
 22640 | Gauntlet | Found the +2 ratskin cloak {+Rats rPois rN+ Str-1 Int-1
                  | Dex+1}
 23319 | Lair:4   | Noticed Nergalle
 23332 | Lair:4   | Killed Nergalle
 23553 | Lair:4   | Received a gift from Okawaru
 24142 | Lair:3   | Found a staircase to the Snake Pit.
 24964 | Lair:6   | Received a gift from Okawaru
 25506 | Snake:1  | Entered Level 1 of the Snake Pit
 26212 | Snake:1  | Got a steaming scale mail
 26223 | Snake:1  | Identified the cursed +0 scale mail of Pandemonium {rF+ MR+
                  | Dex+4} (You found it on level 1 of the Snake Pit)
 26315 | Snake:1  | Received a gift from Okawaru
 26697 | Snake:2  | Noticed a nagaraja
 26704 | Snake:2  | Killed a nagaraja
 26742 | Snake:2  | Reached XP level 15. HP: 126/138 MP: 15/15
 26851 | Snake:2  | Reached skill level 15 in Shields
 26887 | Snake:2  | Found Jacuazew's Food Shop.
 26890 | Snake:2  | Found Nusedo Othrul's Gadget Boutique.
 26890 | Snake:2  | Found Lufaj's Antique Armour Shop.
 26893 | Snake:2  | Found Juzi's Book Boutique.
 27040 | Snake:2  | Received a gift from Okawaru
 28127 | Snake:3  | Received a gift from Okawaru
 28928 | Snake:3  | Reached skill level 15 in Fighting
 28961 | Snake:3  | Noticed a nagaraja
 28965 | Snake:3  | Received a gift from Okawaru
 28966 | Snake:3  | Noticed a nagaraja
 28973 | Snake:3  | Killed a nagaraja
 28977 | Snake:3  | Killed a nagaraja
 29764 | Snake:4  | Entered Level 4 of the Snake Pit
 29864 | Snake:4  | Noticed a nagaraja
 29872 | Snake:4  | Killed a nagaraja
 30525 | Snake:4  | Received a gift from Okawaru
 30576 | Snake:4  | Reached XP level 16. HP: 80/149 MP: 16/16
 31090 | Snake:4  | Received a gift from Okawaru
 33136 | Snake:4  | Received a gift from Okawaru
 33139 | Snake:4  | Got an ancient ring mail {god gift}
 33150 | Snake:4  | Identified the +6 ring mail of Proximity {rC+ Str+3}
                  | (Okawaru gifted it to you on level 4 of the Snake Pit)
 33243 | Snake:4  | Got a serpentine rune of Zot
 33464 | Shoals:1 | Entered Level 1 of the Shoals
 33509 | Shoals:1 | Reached skill level 1 in Polearms
 33581 | Shoals:1 | Reached skill level 5 in Invocations
 33840 | Shoals:1 | You fall through a shaft!
 34371 | Shoals:1 | Found Nifizex's Needful Niceties.
 35494 | Shoals:2 | Reached XP level 17. HP: 100/158 MP: 20/20
 36273 | Shoals:2 | Found a runed translucent door.
 36274 | Shoals:2 | Noticed crawlian's ghost (adept FoFi)
 36312 | Shoals:2 | Killed crawlian's ghost
 36312 | Shoals:2 | Reached skill level 5 in Polearms
 36899 | Shoals:3 | Killed from afar by a merfolk aquamancer

Skill      XL: |  1  2  3  4  5  6  7  8  9 10 11 12 13 14 15 16 17 |
---------------+----------------------------------------------------+-----
Fighting       | 4 5 6 7 8 10 12 14 15 16 | 16.4
Axes           | 4 5 6 7 8 10 11 13 15 17 18 19 | 19.5
Dodging        | 4 5 6 7 8 9 |  9.5
Armour         | 1 2 3 5 8 10 11 12 13 14 | 14.3
Shields        | 1 2 4 6 7 8 9 12 14 17 19 | 19.2
Stealth        | 2 3 4 |  4.3
Maces & Flails | 1 |  1.7
Evocations     | 1 |  1.6
Invocations    | 1 2 5 6 |  6.3
Polearms       | 4 5 |  5.1

Action                   |  1- 3 |  4- 6 |  7- 9 | 10-12 | 13-15 | 16-18 || total
-------------------------+-------+-------+-------+-------+-------+-------++-------
Melee: Hand axe          |    48 |   220 |   333 |       |       |       ||   601
       Headbutt          |     6 |    37 |    63 |   138 |   268 |   160 ||   672
       Broad axe         |       |       |    20 |   471 |   849 |       ||  1340
       Executioner's axe |       |       |       |   131 |       |       ||   131
       Morningstar       |       |       |       |     9 |       |       ||     9
       Peck              |       |       |       |       |   186 |   137 ||   323
       Demon whip        |       |       |       |       |    92 |   306 ||   398
       Demon trident     |       |       |       |       |       |   368 ||   368
Invok: Heroism           |       |       |       |     5 |    15 |    12 ||    32
       Finesse           |       |       |       |       |     1 |     2 ||     3
Evoke: Wand              |       |       |       |    11 |       |       ||    11
       Lightning rod     |       |       |       |     4 |       |       ||     4
  Use: Scroll            |     3 |     3 |    10 |    18 |    15 |     5 ||    54
       Potion            |       |       |     1 |     4 |     4 |       ||     9
 Stab: Sleeping          |       |     1 |       |       |       |     2 ||     3
       Invisible         |       |       |       |     2 |       |       ||     2
       Paralysed         |       |       |       |     1 |       |       ||     1
       Petrified         |       |       |       |       |     4 |       ||     4
       Petrifying        |       |       |       |       |     1 |       ||     1
  Eat: Chunk             |       |     4 |     8 |    19 |    16 |     2 ||    49
       Ration            |       |     1 |     2 |     5 |     7 |     7 ||    22
Armor: Robe              |     1 |       |       |       |       |       ||     1
       Ring mail         |    14 |    25 |       |       |       |    37 ||    76
       Plate armour      |       |    54 |   192 |   147 |       |       ||   393
       Chain mail        |       |       |       |    11 |       |       ||    11
       Crystal plate arm |       |       |       |   223 |       |       ||   223
       Scale mail        |       |       |       |    65 |   252 |    33 ||   350
       Fire dragon scale |       |       |       |       |       |    67 ||    67
Dodge: Dodged            |    43 |    36 |    62 |   265 |   269 |   283 ||   958
Block: Shield            |       |    48 |   157 |   208 |   584 |   504 ||  1501
       Large shield      |       |       |       |    61 |     1 |       ||    62
       Buckler           |       |       |       |       |    43 |       ||    43
       Reflection        |       |       |       |       |    26 |    45 ||    71
